 Dungeon Crawl Stone Soup version 0.29.1-1-gd02db6906a (webtiles) character file.

Game seed: 7107245215110474113

578 Powertoast the Slicer (level 7, -2/40 HPs)
             Began as a Kobold Brigand on Sept 18, 2022.
             Was a Priest of Ignis.
             Slain by a lemure (3 damage)
             ... led by Pikel
             ... on level 5 of the Dungeon.
             The game lasted 00:08:50 (3802 turns).

Powertoast the Slicer (Kobold Brigand)              Turns: 3802, Time: 00:08:52

Health: -2/40      AC: 10    Str:  8    XL:     7   Next: 62%
Magic:  7/7        EV: 14    Int: 13    God:    Ignis [***...]
Gold:   50         SH:  0    Dex: 18    Spells: 6/6 levels left

rFire   + . .      SeeInvis .   a - +2 dagger (drain)
rCold   . . .      Faith    .   (no shield)
rNeg    + . .      Spirit   .   b - +0 robe
rPois   .          Reflect  .   (no helmet)
rElec   .          Harm     .   c - +0 cloak
rCorr   .          Rampage  .   (no gloves)
Will    .....                   (no boots)
Stlth   ++++......              (no amulet)
HPRegen 0.13/turn               w - ring of positive energy
MPRegen 0.10/turn               (no ring)

@: fiery-armoured, hasted, very quick
A: small, no large weapons, nightstalker 3
a: Renounce Religion, Fiery Armour, Foxfire Swarm, Rising Flame


You were on level 5 of the Dungeon.
You worshipped Ignis.
Ignis was most pleased with you.
You visited 2 branches of the dungeon, and saw 6 of its levels.

You collected 220 gold pieces.
You spent 170 gold pieces at shops.

Inventory:

Hand Weapons
 a - a +2 dagger of draining (weapon)
 i - a +2 dagger
Missiles
 d - 9 poisoned darts (quivered)
 e - 3 curare-tipped darts
 u - a throwing net
Armour
 b - a +0 robe (worn)
 c - a +0 cloak (worn)
 n - a +0 leather armour
Jewellery
 w - a ring of positive energy (left hand)
Wands
 q - a wand of mindburst (12)
Scrolls
 h - a scroll of identify {unknown}
 j - 2 scrolls of teleportation {unknown}
 k - a scroll of acquirement {unknown}
 x - 3 scrolls of butterflies {unknown}
Potions
 f - 4 potions of curing
 g - a potion of mutation {unknown}
 l - a potion of ambrosia {unknown}
 m - a potion of degeneration {unknown}
 o - a potion of berserk rage {unknown}
 p - 2 potions of might
 r - a potion of invisibility {unknown}
 s - 2 potions of lignification {unknown}
 t - a potion of cancellation {unknown}
 z - a potion of heal wounds {unknown}
 A - a potion of brilliance {unknown}


   Skills:
 - Level 2.1 Fighting
 - Level 10.0 Short Blades
 - Level 2.1 Throwing
 - Level 1.2 Dodging
 + Level 6.2 Stealth


You had 6 spell levels left.
You didn't know any spells.
Your spell library contained the following spells:

 Spells                   Type           Power      Damage    Failure   Level
 Sandblast                Erth           0%         2d4       30%         1
 Shock                    Conj/Air       0%         1d3       30%         1
 Blink                    Tloc           0%         N/A       43%         2
 Passwall                 Tmut/Erth      0%         N/A       43%         2
 Poisonous Vapours        Pois/Air       0%         N/A       43%         2
 Static Discharge         Conj/Air       0%         3-3/arc   43%         2
 Frozen Ramparts          Ice            0%         1d1       67%         3
 Stone Arrow              Conj/Erth      0%         3d7       67%         3
 Swiftness                Air            0%         N/A       67%         3
 Airstrike                Air            0%         2d(0-16)  97%         4
 Corpse Rot               Necr/Pois/Air  0%         N/A       97%         4
 Ice Form                 Ice/Tmut       0%         N/A       97%         4
 Summon Ice Beast         Ice/Summ       0%         N/A       97%         4
 Blade Hands              Tmut           0%         N/A       100%        5
 Irradiate                Conj/Tmut      0%         3d11      100%        5
 Lightning Bolt           Conj/Air       0%         1d11      100%        5
 Manifold Assault         Tloc           0%         N/A       100%        5
 Dragon Form              Tmut           0%         N/A       100%        7
 Storm Form               Tmut/Air       0%         N/A       100%        7
 Maxwell's Capacitive Co  Air            0%         ∞         100%        8


Dungeon Overview and Level Annotations

Branches:
Dungeon (5/15)             Temple (1/1) D:4

Altars:
Ashenzari
Cheibriados
Dithmenos
Elyvilon
Fedhas
Hepliaklqana
Kikubaaqudgha
Okawaru
Sif Muna
Wu Jian
Xom
Yredelemnul
Ignis
Lugonu

Shops:
D:3 !

Annotations:
D:5 Pikel


Innate Abilities, Weirdness & Mutations

You are small and have problems with some larger weapons.
You are completely attuned to the shadows.


Message History

The foxfire hits Pikel.
Pikel is heavily wounded.
The foxfire hits the lemure but does no damage.
The lemure is lightly wounded.
The foxfire hits the lemure.
The lemure is lightly wounded.
The foxfire hits the lemure.
The lemure is lightly wounded.
The foxfire hits the lemure but does no damage.
The lemure is lightly wounded.
The foxfire hits Pikel.
Pikel is heavily wounded.
You closely miss Pikel.
Pikel is heavily wounded.
Pikel misses you. The lemure misses you. The lemure hits you.
You barely miss Pikel.
Pikel is heavily wounded.
You hit Pikel but do no damage. You drain Pikel.
Pikel is heavily wounded.
The lemure hits you but does no damage. The lemure hits you.
The lemure barely misses you.
Pikel hits you with a +2 whip of flaming.
Pikel burns you. The lemure hits you.
* * * LOW HITPOINT WARNING * * *
A protective cloak of flame settles atop you.
Pikel closely misses you. The lemure hits you.
* * * LOW HITPOINT WARNING * * *
The lemure hits you but does no damage.
The lemure is burned by your cloak of flames.
The lemure is moderately wounded.
The lemure hits you.
* * * LOW HITPOINT WARNING * * *
The lemure misses you.
You feel yourself speed up. Pikel hits you but does no damage.
The lemure misses you. The lemure hits you.
* * * LOW HITPOINT WARNING * * *
The lemure is burned by your cloak of flames.
The lemure is heavily wounded.
The lemure hits you but does no damage. The lemure hits you.
You die...

. .#.....### ......##
.........#
.......#............#
.......#..#.........##
.?........#...........
.........#............
.......#####..........
....5K5..#............
....5@5>..............
.................#....
................##...
.......##............
.......#.............
............#
.............
........###..
......### ###


You could see Pikel (drained) and 4 lemures.

Vanquished Creatures
  A black bear (D:4)
  An ogre (D:4)
  A phantom (D:4)
  A scorpion (D:4)
  A howler monkey (D:4)
  3 hounds
  An iguana (D:4)
  Terence (D:2)
  5 adders
  An ufetubus (D:4)
  A worm (D:3)
  An orc (D:5)
  3 endoplasms
  4 giant cockroaches
  4 hobgoblins
  4 jackals (D:4)
  2 quokkas (D:1)
  5 ball pythons
  3 bats
  2 frilled lizards
  A goblin (D:4)
  9 kobolds
  5 rats
60 creatures vanquished.

Vanquished Creatures (others)
  36 foxfires
36 creatures vanquished.

Grand Total: 96 creatures vanquished

Notes
Turn   | Place    | Note
-------+----------+-------------------------------------------
     0 | D:1      | Powertoast the Kobold Brigand began the quest for the Orb.
     0 | D:1      | Reached XP level 1. HP: 12/12 MP: 1/1
    74 | D:1      | Reached skill level 3 in Short Blades
   222 | D:1      | Reached XP level 2. HP: 17/17 MP: 2/2
   810 | D:2      | Reached skill level 4 in Short Blades
   841 | D:2      | Noticed Terence
   845 | D:2      | Killed Terence
   846 | D:2      | Reached skill level 5 in Short Blades
   846 | D:2      | Reached XP level 3. HP: 21/21 MP: 3/3
  1170 | D:2      | Found a faded altar of an unknown god.
  1283 | D:2      | Prayed at the altar of an unknown god.
  1283 | D:2      | Became a worshipper of Ignis, the Dying Flame
  1319 | D:2      | Reached XP level 4. HP: 26/26 MP: 4/4
  2280 | D:3      | Found a hazy altar of Hepliaklqana.
  2324 | D:3      | Found a snail-covered altar of Cheibriados.
  2535 | D:3      | Found Kyivorph's Distillery.
  2539 | D:3      | Bought a potion of might for 40 gold pieces
  2539 | D:3      | Bought a potion of haste for 100 gold pieces
  2539 | D:3      | Bought a potion of curing for 30 gold pieces
  2647 | D:4      | Reached skill level 6 in Short Blades
  2747 | D:4      | Noticed a black bear
  2750 | D:4      | Killed a black bear
  2751 | D:4      | Reached skill level 7 in Short Blades
  2751 | D:4      | Reached XP level 5. HP: 26/30 MP: 5/5
  2807 | D:4      | Found a staircase to the Ecumenical Temple.
  2817 | Temple   | Entered the Ecumenical Temple
  2875 | D:4      | Reached XP level 6. HP: 35/35 MP: 6/6
  2918 | D:4      | Reached skill level 8 in Short Blades
  3047 | D:4      | Noticed an ogre
  3051 | D:4      | Killed an ogre
  3052 | D:4      | Reached skill level 9 in Short Blades
  3052 | D:4      | Reached XP level 7. HP: 40/40 MP: 7/7
  3432 | D:4      | Found an ornate altar of the Wu Jian Council.
  3498 | D:4      | Reached skill level 10 in Short Blades
  3731 | D:5      | Entered Level 5 of the Dungeon
  3788 | D:5      | Noticed Pikel
  3802 | D:5      | HP: 1/40 [lemure[Pikel] (5)]
  3802 | D:5      | Slain by a lemure

Illustrated notes

Levels and vault maps discovered:
D:1:      minmay_arrival_open_corners, layout_loops_ring
D:2:      layout_basic, ebering_ecumenical_altar_hall, kennysheep_boxes,
          uniq_terence
D:3:      layout_loops_ring, nicolae_hepliaklqana_hazy_memory,
          cheibrodos_worm_habitat, serial_shops, nicolae_shop_crystal
D:4:      layout_loops_ring, mainiacjoe_overflow_brackets,
          minmay_temple_entry_arrows, minmay_misc_feat_cross
D:5:      layout_cave_pools, mainiacjoe_overflow_alcove_4, uniq_pikel, uniq_ijyb
Temple:   corrupted_temple

Skill      XL: |  1  2  3  4  5  6  7 |
---------------+----------------------+-----
Short Blades   | 3 5 7 9 10 | 10.0
Stealth        | 6 |  6.2
Fighting       | |  2.1
Throwing       | |  2.1
Dodging        | |  1.2

Action                   |  1- 3 |  4- 6 |  7- 9 || total
-------------------------+-------+-------+-------++-------
Melee: Dagger            |    24 |    44 |    25 ||    93
       Punch             |       |       |     1 ||     1
Throw: Dart              |     2 |       |       ||     2
Invok: Foxfire Swarm     |       |     1 |     1 ||     2
       Fiery Armour      |       |     1 |     1 ||     2
  Use: Potion            |       |       |     1 ||     1
 Stab: Sleeping          |    12 |    19 |     9 ||    40
Armor: Robe              |     4 |     5 |     9 ||    18
Dodge: Dodged            |    11 |    12 |    17 ||    40
